 Dungeon Crawl Stone Soup version 0.25.1-2-g60ff931df9 (webtiles) character file.

Game seed: 5685981137069292543

40 Luthien the Conjurer (level 3, -4/19 HPs)
             Began as a Deep Elf Conjurer on Sept 5, 2020.
             Slain by Grinder (6 damage)
             ... on level 3 of the Dungeon.
             The game lasted 00:03:54 (2155 turns).

Luthien the Conjurer (Deep Elf Conjurer)            Turns: 2155, Time: 00:03:55

Health: -4/19      AC:  3    Str:  5    XL:     3   Next: 30%
Magic:  1/10       EV: 12    Int: 20    God:
Gold:   92         SH:  0    Dex: 15    Spells: 6/9 levels left

rFire    . . .     SeeInvis .   e - +0 dagger
rCold    . . .     Gourm    .   (no shield)
rNeg     . . .     Faith    .   g - +0 leather armour
rPois    .         Spirit   .   (no helmet)
rElec    .         Reflect  .   (no cloak)
rCorr    .         Harm     .   (no gloves)
MR       .....                  (no boots)
Stlth    ++........             (no amulet)
HPRegen  0.06/turn              (no ring)
MPRegen  0.12/turn              (no ring)

@: very slightly contaminated
A: no striking features
a: no special abilities


You were on level 3 of the Dungeon.
You were not hungry.

You visited 1 branch of the dungeon, and saw 3 of its levels.

You collected 92 gold pieces.

Inventory:

Hand Weapons
 e - a +0 dagger (weapon)
Missiles
 b - 77 stones (quivered)
 n - 24 arrows
 o - 12 bolts
Armour
 a - a +0 robe
 g - a +0 leather armour (worn)
Wands
 q - a wand of random effects (21)
Scrolls
 f - 2 scrolls of remove curse {unknown}
 h - 5 scrolls of identify {unknown}
 i - a scroll of magic mapping {unknown}
 l - 3 scrolls of immolation {unknown}
 m - a scroll of amnesia {unknown}
Potions
 d - 2 potions of invisibility {unknown}
 k - 2 potions of haste {unknown}
 p - a potion of might {unknown}
Comestibles
 c - 3 rations
 j - a chunk of flesh


   Skills:
 + Level 3.1 Dodging
 + Level 3.2 Stealth
 + Level 3.5 Spellcasting
 + Level 4.7 Conjurations


You had 6 spell levels left.
You knew the following spells:

 Your Spells              Type           Power        Failure   Level  Hunger
a - Magic Dart            Conj           ###.         3%          1    None
b - Searing Ray           Conj           ###...       4%          2    ##.....

Your spell library contained the following spells:

 Spells                   Type           Power        Failure   Level  Hunger
 Dazzling Flash           Conj/Hex       ##....       26%         3    ###....
 Fulminant Prism          Conj/Hex       ##........   63%         4    ####...
 Iskenderun's Mystic Bla  Conj/Tloc      ##......     63%         4    ####...


Dungeon Overview and Level Annotations

Branches:
Dungeon (3/15)

Altars:
Ashenzari
The Shining One

Annotations:
D:3 Grinder


Message History

Grinder blinks!
Evoke which item? (* to show all) (? for menu, Esc to quit)
Aiming: Random Effects
Press: ? - help, Shift-Dir - straight line, f/p - Grinder
Aim: Grinder (moderately wounded)
The bolt of poison misses Grinder.
Evoke which item? (* to show all) (? for menu, Esc to quit)
Aiming: Random Effects
Press: ? - help, Shift-Dir - straight line, f/p - Grinder
Aim: Grinder (moderately wounded)
The fireball explodes!
The fireball engulfs Grinder!
Grinder is severely wounded.
Evoke which item? (* to show all) (? for menu, Esc to quit)
Aiming: Random Effects
Press: ? - help, Shift-Dir - straight line, f/p - Grinder
Aim: Grinder (severely wounded)
The puff of frost hits Grinder.
Grinder resists.
Grinder is severely wounded.
Grinder hits you.
You die...

##### ###.#######...##
........##.....##########
#.###.###..............
#....5@......#########รท
#####.####.### #.... #.#
#.# #.##. ........# ##+##
#.##. ....#######...##
#.##. .. ##.....## #.##.
##.......## #..##
#.........####...#
+.........'.......


You could see Grinder.

Vanquished Creatures
  2 dart slugs (D:2)
  A leopard gecko (D:1)
  A ball python (D:1)
  A giant cockroach (D:1)
  6 goblins
  6 hobgoblins
  3 bats
  2 frilled lizards
  7 kobolds
  7 rats
36 creatures vanquished.

Notes
Turn   | Place    | Note
-------+----------+-------------------------------------------
     0 | D:1      | Luthien the Deep Elf Conjurer began the quest for the Orb.
     0 | D:1      | Reached XP level 1. HP: 10/10 MP: 6/6
   308 | D:1      | Reached XP level 2. HP: 15/15 MP: 2/8
   312 | D:1      | Learned a level 2 spell: Searing Ray
  1372 | D:2      | Reached XP level 3. HP: 19/19 MP: 7/10
  1606 | D:2      | Found a glowing golden altar of the Shining One.
  1872 | D:2      | Found a shattered altar of Ashenzari.
  2141 | D:3      | Noticed Grinder
  2155 | D:3      | Slain by Grinder

Illustrated notes

Levels and vault maps discovered:
D:1:      dpeg_arrival_windows_large_door, layout_loops_ring
D:2:      layout_rooms, ashenzari_altar_1, lemuel_doored_altar
D:3:      layout_loops_corners, ebering_ghost_reflecting_pool,
          chequers_ecumenical_altar_island, first_ration, grunt_ministairs_14,
          uniq_grinder

Skill      XL: |  1  2 |
---------------+-------+-----
Stealth        | 3 |  3.2
Dodging        | 3 |  3.1
Spellcasting   | |  3.5
Conjurations   | |  4.7

Action                   || total
-------------------------++-------
Melee: Dagger            ||     7
 Cast: Magic Dart        ||    73
       Searing Ray       ||     4
Evoke: Wand              ||     4
  Eat: Chunk             ||     4
Armor: Robe              ||     3
Dodge: Dodged            ||    14
